Map: Glittering Ashes LE

Players

LxTRex - Winner!

  • Race: Zerg Zerg

MonkeySpawnX

  • Race: Protoss Protoss
  • League: Platinum

VOD

Have the link to the VOD?

Description

Time

  • Played on: April 1, 2022, 4:01 p.m.
  • Length: 10:11
Show
View Real Time Build Order
Export as new Build Order

LxTRex Zerg - Winner!

Build Orders: Hatch First, Roach Hydra 

Get SALT Encoding   

  12  0:00  Drone  
  13  0:12  Overlord  
  13  0:17  Drone  
  14  0:31  Drone x2  
  16  0:48  Hatchery  
  15  0:51  Drone  
  15  0:54  Drone  
  17  0:58  Drone  
  18  1:09  Extractor  
  17  1:13  Spawning Pool  
  17  1:17  Drone  
  17  1:20  Drone  
  18  1:28  Drone  
  19  1:39  Drone  
  20  1:54  Drone  
  20  2:00  Queen x2  
  25  2:01  Drone, Overlord  
  26  2:12  Drone x2  
  28  2:23  Drone x2  
  28  2:28  Evolution Chamber  
  29  2:34  Drone x2  
  29  2:36  Queen  
  33  2:39  Lair  
  33  2:44  Overlord  
  33  2:46  Drone  
  34  2:53  Roach Warren  
  34  2:58  Zerg Missile Weapons Level 1  
  33  2:59  Drone  
  33  3:01  Drone  
  35  3:08  Drone x2  
  37  3:13  Overlord  
  37  3:14  Drone  
  37  3:15  Drone  
  37  3:17  Drone  
  37  3:19  Drone  
  41  3:23  Drone x2  
  43  3:27  Extractor  
  43  3:28  Extractor, Drone  
  43  3:31  Overlord  
  42  3:36  Glial Reconstitution  
  42  3:38  Overlord  
  42  3:51  Drone x3  
  42  3:53  Drone x2  
  47  3:57  Roach x3  
  53  4:04  Spore Crawler  
  53  4:07  Drone  
  53  4:10  Spore Crawler  
  53  4:11  Drone, Queen  
  53  4:12  Queen  
  53  4:16  Roach  
  59  4:24  Overlord  
  59  4:28  Overlord x2  
  59  4:44  Roach x4  
  67  4:46  Roach x2  
  71  4:57  Overlord x2  
  71  5:10  Roach x2  
  73  5:31  Roach x9  
  91  5:43  Hydralisk Den  
  91  5:44  Drone  
  91  5:51  Drone  
  91  5:52  Extractor, Drone  
  91  5:54  Overlord x3  
  91  5:56  Zerg Ground Armor Level 1  
  92  6:07  Overlord  
  92  6:08  Overlord  
  62  7:43  Hydralisk  
  62  7:44  Hydralisk x17  
  58  7:47  Grooved Spines  
  84  8:59  Muscular Augments  
  84  9:18  Hydralisk  
  84  9:19  Hydralisk x18  
Show
View Real Time Build Order
Export as new Build Order

MonkeySpawnX Protoss 

Build Orders: 1 Gate Expand 

Get SALT Encoding   

  12  0:00  Probe  
  13  0:15  Probe  
  13  0:20  Pylon  
  14  0:28  Probe  
  15  0:39  Gateway  
  15  0:40  Probe (Chrono Boost)  
  16  0:48  Assimilator  
  16  0:52  Probe (Chrono Boost)  
  17  1:00  Probe (Chrono Boost)  
  18  1:06  Probe  
  19  1:27  Cybernetics Core  
  19  1:35  Nexus  
  19  1:44  Probe  
  20  1:47  Pylon  
  20  1:54  Assimilator  
  20  1:56  Probe (Chrono Boost)  
  21  2:05  Adept  
  21  2:08  Probe (Chrono Boost)  
  24  2:12  Probe (Chrono Boost)  
  25  2:23  Probe  
  26  2:35  Adept  
  26  2:37  Stargate  
  28  2:46  Warp Gate  
  28  2:49  Probe (Chrono Boost)  
  28  2:50  Probe (Chrono Boost)  
  32  2:59  Probe (Chrono Boost)  
  32  3:02  Probe (Chrono Boost)  
  32  3:06  Probe (Chrono Boost)  
  32  3:07  Adept  
  36  3:15  Probe x2 (Chrono Boost)  
  37  3:20  Probe  
  37  3:22  Probe  
  37  3:23  Void Ray (Chrono Boost)  
  43  3:33  Probe  
  44  3:34  Probe  
  45  3:45  Probe  
  46  4:01  Nexus  
  46  4:02  Pylon  
  46  4:03  Pylon  
  46  4:08  Assimilator  
  46  4:11  Assimilator  
  46  4:20  Probe x2  
  52  4:24  Twilight Council  
  52  4:26  Void Ray  
  52  4:27  Gateway  
  52  4:28  Gateway  
  52  4:36  Pylon  
  52  4:49  Pylon  
  52  4:52  Adept  
  54  4:58  Robotics Facility  
  54  5:04  Templar Archives  
  54  5:06  Probe  
  54  5:07  Probe  
  56  5:20  Probe  
  56  5:21  Probe x2  
  59  5:30  Gateway  
  59  5:31  Psionic Storm  
  59  5:33  Gateway, Probe x2  
  59  5:34  Probe  
  62  5:35  Gateway  
  62  5:45  Probe  
  62  5:47  Forge  
  63  5:53  Probe x2  
  65  6:02  High Templar  
  65  6:04  High Templar  
  71  6:07  High Templar  
  60  6:33  Stalker x2  
  60  6:34  Stalker  
  47  7:07  Pylon  
  44  7:09  Probe (Chrono Boost)  
  36  7:15  Pylon  
  36  7:19  Probe (Chrono Boost), Stalker x4  
  36  7:20  Stalker  
  40  7:24  Probe (Chrono Boost)  
  33  7:35  Probe (Chrono Boost)  
  33  7:47  Probe (Chrono Boost)  
  36  7:52  Probe (Chrono Boost)  
  36  7:53  Probe (Chrono Boost)  
  36  7:54  Probe (Chrono Boost)  
  37  7:59  Resonating Glaives  
  37  8:02  Probe (Chrono Boost)  
  39  8:06  Probe (Chrono Boost)  
  39  8:07  Pylon  
  41  8:13  Probe (Chrono Boost)  
  41  8:14  Probe (Chrono Boost)  
  41  8:17  Probe (Chrono Boost)  
  42  8:23  Probe (Chrono Boost)  
  42  8:24  Probe (Chrono Boost)  
  38  8:58  Zealot x4  
  38  8:59  Zealot  
  43  9:07  Pylon, Probe (Chrono Boost)  
  38  9:11  Pylon  
  39  9:17  Probe (Chrono Boost)  
  39  9:22  Probe (Chrono Boost)  
  39  9:23  Zealot x2, Pylon  
  39  9:33  Probe  
  29  9:46  Probe  
Tags
 
Add a new tag
Caveats
  • Supply blocks, unpowered buildings, or Contaminate may cause inaccurate times.
  • Supply counts are checked every 10 seconds.